 Dungeon Crawl Stone Soup version 0.28.0-53-g5a82cb258f (webtiles) character file.

Game seed: 3986894581667523135

4389 RobertSmithOfTheCure the Severer (level 10, -8/89 HPs)
             Began as a Minotaur Fighter on May 30, 2022.
             Was a Follower of Wu Jian.
             Shot with a sling bullet by Joseph (9 damage)
             ... on level 9 of the Dungeon on Aug 7, 2022.
             The game lasted 00:46:29 (10179 turns).

RobertSmithOfTheCure the Severer (MiFi)            Turns: 10179, Time: 00:46:30

Health: -8/89      AC:  8    Str: 24    XL:     10   Next: 13%
Magic:  8/8        EV: 15    Int:  8    God:    Wu Jian [*.....]
Gold:   387        SH:  6    Dex: 19    Spells: 9/9 levels left

rFire   + . .      SeeInvis .   a - +1 war axe
rCold   . . .      Faith    .   c - +1 buckler
rNeg    . . .      Spirit   .   C - +4 ring mail "Kuif" {Harm rF+ Int+3}
rPois   .          Reflect  .   (helmet restricted)
rElec   .          Harm     +   (no cloak)
rCorr   .          Rampage  .   (no gloves)
Will    .....                   r - +0 pair of boots
Stlth   +++.......              b - amulet of magic regeneration
HPRegen 0.24/turn               d - +6 ring of strength
MPRegen 0.51/turn               y - +4 ring of evasion

@: no status effects
A: horns 2, retaliatory headbutt, thin skeletal structure 2, deformed body, low
MP 1, weak 1
a: Renounce Religion


You were on level 9 of the Dungeon.
You worshipped Wu Jian.
Wu Jian was aware of your devotion.
You visited 2 branches of the dungeon, and saw 10 of its levels.

You collected 387 gold pieces.

Inventory:

Hand Weapons
 a - a +1 war axe (weapon)
 e - a +1 hand axe of freezing
 t - a +0 shortbow
 z - a +1 vorpal hand crossbow
Missiles
 f - 6 atropa-tipped darts
 l - 2 throwing nets
 p - 110 arrows
 q - 3 boomerangs (quivered)
 x - 57 bolts
 A - 6 javelins
Armour
 c - a +1 buckler (worn)
 i - a +3 chain mail of cold resistance
 r - a +0 pair of boots (worn)
 s - a +0 plate armour
 C - the +4 ring mail "Kuif" (worn) {Harm rF+ Int+3}
   (You found it on level 9 of the Dungeon)

   Int:       It affects your intelligence (+3).
   rF:        It protects you from fire.
   Harm:      It increases damage dealt and taken.
Magical Staves
 h - a staff of air
Jewellery
 b - an amulet of magic regeneration (around neck)
 d - a +6 ring of strength (left hand)
 u - a ring of protection from cold
 y - a +4 ring of evasion (right hand)
Wands
 g - a wand of polymorph (5)
 o - a wand of flame (19)
 v - a wand of iceblast (19)
 B - a wand of paralysis (3)
Scrolls
 j - 7 scrolls of identify
 n - a scroll of teleportation


   Skills:
 - Level 8.3 Fighting
 * Level 15.5 Axes
 - Level 3.6 Armour
 - Level 2.3 Dodging
 - Level 0.1 Stealth
 - Level 3.6 Shields


You had 9 spell levels left.
You didn't know any spells.
Your spell library contained the following spells:

 Spells                   Type           Power      Damage    Failure   Level
 Sandblast                Erth           0%         2d4       65%         1
 Passwall                 Tmut/Erth      0%         N/A       78%         2
 Call Canine Familiar     Summ           0%         N/A       95%         3
 Ozocubu's Armour         Ice            0%         N/A       95%         3
 Portal Projectile        Hex/Tloc       0%         N/A       95%         3
 Stone Arrow              Conj/Erth      0%         3d7       95%         3
 Leda's Liquefaction      Hex/Erth       0%         N/A       100%        4
 Ozocubu's Refrigeration  Ice            0%         4d5       100%        7


Dungeon Overview and Level Annotations

Branches:
Dungeon (9/15)             Temple (1/1) D:4             Orc (0/2) D:9
   Lair: D:8-11

Altars:
Ashenzari
Cheibriados
Dithmenos
Fedhas
Gozag
Hepliaklqana
Kikubaaqudgha
Makhleb
Nemelex Xobeh
Okawaru
Qazlal
Sif Muna
Trog
Uskayaw
Vehumet
Wu Jian
Yredelemnul
Zin

Annotations:
D:6 exclusion: statue
D:7 3 runed translucent doors, Flarelocke's ghost, amateur TrMo
D:9 1 runed translucent door, Jingleheimer's ghost, journeyman NaFi; Joseph; Maggie


Innate Abilities, Weirdness & Mutations

You have a pair of horns on your head.
You reflexively headbutt those who attack you in melee.
You have a moderately thin skeletal structure. (Dex +4, Stealth++)
Armour fits poorly on your strangely shaped body.
Your magical capacity is low. (-10% MP)
You are weak. (Str -2)


Message History

Joseph shouts!
Joseph unwields a +0 quarterstaff.
Joseph wields a +0 hunting sling.
Joseph shoots a sling bullet.
The sling bullet closely misses you.
Throw: 3 boomerangs
Press: ? - help, Q - select action, (/) - cycle Shift-Dir - straight line, f/p - Joseph
Aim: Joseph, wielding a +0 hunting sling, wearing a +0 leather armour, quivering sling bullets and carrying a wand of charming (2) (65% to hit)
You throw a boomerang.
The boomerang hits Joseph but does no damage.
Joseph zaps a wand.
Your will is overpowered!
You are confused.
Non-targeted confused throw: 3 boomerangs
Press: ? - help, Q - select action, (/) - cycle Dir - look around, f - activate You throw a boomerang.
Joseph shoots a sling bullet.
The sling bullet hits you!
Non-targeted confused throw: 3 boomerangs
Press: ? - help, Q - select action, (/) - cycle Dir - look around, f - activate You throw a boomerang.
Joseph shoots a sling bullet.
The sling bullet misses you.
You're too confused to move!
Joseph zaps a wand.
You easily resist.
The now-empty wand crumbles to dust.
You bump into the rock wall.
You feel less confused.
Joseph shoots a sling bullet.
The sling bullet hits you!
Joseph shoots a sling bullet.
You block the sling bullet.
Joseph shoots a sling bullet.
The sling bullet hits you.
Joseph shoots a sling bullet.
The sling bullet hits you!
Joseph shoots a sling bullet.
The sling bullet hits you!!
* * * LOW HITPOINT WARNING * * *
Joseph shoots a sling bullet.
The sling bullet hits you but does no damage.
You lunge at Joseph.
You closely miss Joseph.
Joseph unwields a +0 hunting sling.
Joseph wields a +0 quarterstaff.
Joseph hits you with a +0 quarterstaff.
* * * LOW HITPOINT WARNING * * *
You are too injured to fight recklessly!
Joseph unwields a +0 quarterstaff.
Joseph wields a +0 hunting sling.
Joseph shoots a sling bullet.
The sling bullet hits you!
* * * LOW HITPOINT WARNING * * *
Joseph shoots a sling bullet.
The sling bullet hits you!
You die...

#......#####............#
#.......................#
#######.......................#
...<.............#.#..........#
.....##......<...@.##.........#
.........>........###.........#
.....###.........## #.........#
.........##..###.# #...@.....#
.....######..# #@# ##.##.#####
.....#### #..###.# #.##.# ####
..........#...##.# #.##.###..#
..........#.#.##.# #.#.......#
.##.......#.#.##.# #.....##.##
.# ##.......#..#.# #.#......#
###.#..###.#.. ##.#..#####
...........####.#..@.##
##.#.#.........@...#


You could see Joseph.

Vanquished Creatures
  Pikel (D:6)
  Grinder (D:3)
  3 yaks (D:8)
  Grum (D:9)
  A swamp worm (D:9)
  4 water moccasins
  2 ice beasts
  3 black bears
  3 orc warriors
  A hornet zombie (D:8)
  5 centaurs
  2 wolves (D:9)
  A lemure (D:6)
  A phantom (D:6)
  A bullfrog (D:8)
  A kobold brigand (D:8)
  2 scorpions
  A gnoll sergeant (D:7)
  A wyvern zombie (D:9)
  A howler monkey (D:2)
  A bullfrog zombie (D:6)
  2 orc priests
  2 bullfrog skeletons
  A gnoll shaman (D:6)
  Terence (D:2)
  7 orc wizards
  Robin (D:2)
  2 howler monkey zombies
  16 gnolls
  4 adders
  A shadow imp (D:6)
  A white imp (D:6)
  An adder skeleton (D:4)
  3 worms
  4 dart slugs
  17 orcs
  7 ball pythons
  5 endoplasms
  4 giant cockroaches
  17 goblins
  11 hobgoblins
  9 jackals
  2 quokkas
  2 bats
  A frilled lizard (D:1)
  8 kobolds
  3 rats (D:1)
169 creatures vanquished.

Notes
Turn   | Place    | Note
-------+----------+-------------------------------------------
     0 | D:1      | RobertSmithOfTheCure the Minotaur Fighter began the quest
                  | for the Orb.
     0 | D:1      | Reached XP level 1. HP: 19/19 MP: 0/0
   192 | D:1      | Reached XP level 2. HP: 28/28 MP: 1/1
   539 | D:1      | Reached skill level 5 in Fighting
   630 | D:1      | Reached XP level 3. HP: 36/36 MP: 2/2
  1279 | D:2      | Reached XP level 4. HP: 44/44 MP: 3/3
  1297 | D:2      | Noticed Robin
  1322 | D:2      | Gained mutation: You tend to lose your temper in combat.
                  | [potion of mutation]
  1322 | D:2      | Gained mutation: You sometimes lose the ability to read
                  | scrolls when taking damage. [potion of mutation]
  1322 | D:2      | Gained mutation: You expend magic power (3 MP) to
                  | strengthen your wands. [potion of mutation]
  1327 | D:2      | Killed Robin
  1328 | D:2      | Reached skill level 1 in Dodging
  1696 | D:2      | Lost mutation: You tend to lose your temper in combat.
                  | [potion of mutation]
  1696 | D:2      | Lost mutation: You expend magic power (3 MP) to strengthen
                  | your wands. [potion of mutation]
  1696 | D:2      | Lost mutation: You sometimes lose the ability to read
                  | scrolls when taking damage. [potion of mutation]
  1696 | D:2      | Gained mutation: You tend to lose your temper in combat.
                  | [potion of mutation]
  1696 | D:2      | Gained mutation: You have a somewhat thin skeletal
                  | structure. (Dex +2, Stealth+) [potion of mutation]
  1696 | D:2      | Gained mutation: You have an increased reservoir of magic.
                  | (+10% MP) [potion of mutation]
  1739 | D:2      | Noticed Terence
  1757 | D:2      | Killed Terence
  2128 | D:2      | Reached XP level 5. HP: 51/51 MP: 4/4
  2237 | D:2      | Found a faded altar of an unknown god.
  2788 | D:3      | Noticed Grinder
  2803 | D:3      | Killed Grinder
  2804 | D:3      | Reached XP level 6. HP: 42/62 MP: 5/5
  3222 | D:4      | Reached skill level 3 in Axes
  3509 | D:4      | Found a staircase to the Ecumenical Temple.
  3521 | Temple   | Entered the Ecumenical Temple
  3731 | Temple   | Became a worshipper of the Wu Jian Council
  4225 | D:5      | Entered Level 5 of the Dungeon
  4327 | D:5      | Lost mutation: You have an increased reservoir of magic.
                  | (+10% MP) [potion of mutation]
  4327 | D:5      | Lost mutation: You tend to lose your temper in combat.
                  | [potion of mutation]
  4327 | D:5      | Gained mutation: You have a pair of large horns on your
                  | head. [potion of mutation]
  4327 | D:5      | Gained mutation: You are agile. (Dex +2) [potion of
                  | mutation]
  4328 | D:5      | Lost mutation: You have a pair of large horns on your head.
                  | [potion of mutation]
  4328 | D:5      | Lost mutation: You are agile. (Dex +2) [potion of mutation]
  4328 | D:5      | Gained mutation: You have a moderately thin skeletal
                  | structure. (Dex +4, Stealth++) [potion of mutation]
  4328 | D:5      | Gained mutation: Your magical capacity is low. (-10% MP)
                  | [potion of mutation]
  4328 | D:5      | Gained mutation: You have hidden genetic defects. [potion
                  | of mutation]
  4359 | D:5      | Identified the +9 trident of the First Xenophobes {vorpal,
                  | rC++}
  4380 | D:5      | Reached skill level 4 in Axes
  4385 | D:5      | Reached XP level 7. HP: 57/69 MP: 5/5
  4392 | D:5      | Gained mutation: Armour fits poorly on your strangely
                  | shaped body. [hidden defects]
  4446 | D:5      | Reached skill level 5 in Axes
  4525 | D:5      | Reached skill level 6 in Axes
  4534 | D:5      | Gained mutation: You are weak. (Str -2) [hidden defects]
  4534 | D:5      | Lost mutation: You have hidden genetic defects. [hidden
                  | defects expressed]
  4814 | D:6      | Identified the +2 leather armour of Rinaobau {Int+3}
  5017 | D:6      | Found a radiant altar of Vehumet.
  5133 | D:6      | Reached skill level 7 in Axes
  5390 | D:6      | Reached skill level 8 in Axes
  5390 | D:6      | Reached XP level 8. HP: 73/75 MP: 6/6
  5749 | D:6      | Reached skill level 9 in Axes
  5955 | D:6      | Found a snail-covered altar of Cheibriados.
  5967 | D:6      | Noticed Pikel
  5982 | D:6      | Killed Pikel
  5983 | D:6      | Reached skill level 11 in Axes
  6421 | D:7      | Found a runed translucent gate.
  6421 | D:7      | Found a runed translucent gate.
  6421 | D:7      | Found a runed translucent gate.
  6646 | D:7      | Noticed Flarelocke's ghost (amateur TrMo)
  6687 | D:7      | Reached XP level 9. HP: 77/82 MP: 7/7
  6846 | D:7      | Reached * piety under Wu Jian
  6848 | D:7      | Reached skill level 12 in Axes
  7760 | D:8      | Reached skill level 13 in Axes
  8520 | D:8      | Found a hide-covered altar of Uskayaw.
  8524 | D:8      | Found a blossoming altar of Fedhas.
  8586 | D:8      | Reached skill level 14 in Axes
  9223 | D:9      | Noticed a two-headed ogre
  9223 | D:9      | Found a staircase to the Orcish Mines.
  9227 | D:9      | Found an opulent altar of Gozag.
  9284 | D:9      | Found a runed translucent door.
  9289 | D:9      | Noticed Jingleheimer's ghost (journeyman NaFi)
  9289 | D:9      | Found the ring of the Octopus King
  9305 | D:9      | Noticed Grum
  9307 | D:9      | Reached skill level 15 in Axes
  9311 | D:9      | Killed Grum
  9312 | D:9      | Reached XP level 10. HP: 76/89 MP: 8/8
  9480 | D:9      | a two-headed ogre changed into a swamp worm
  9676 | D:9      | Identified the +4 ring mail "Kuif" {Harm rF+ Int+3}
  9706 | D:9      | Noticed Joseph
  9714 | D:9      | Noticed Maggie
 10178 | D:9      | HP: 1/89 [Joseph/sling bullet (16)]
 10179 | D:9      | Shot with a sling bullet by Joseph

Illustrated notes

Levels and vault maps discovered:
D:1:      minmay_arrival_wavy_path, layout_basic, minmay_hedge_maze,
          lemuel_another_geyser
D:2:      cheibrodos_helix_gallery, layout_basic, basic_ecumenical_altar,
          uniq_robin, uniq_terence
D:3:      layout_loops_ring, uniq_grinder
D:4:      layout_rooms, minmay_temple_entry_butterflies
D:5:      layout_basic, serial_curves, eino_curves_03, eino_curves_01
D:6:      layout_loops_corners, mainiacjoe_overflow_brackets, vehumet_statue,
          uniq_pikel
D:7:      layout_cave_pools, gammafunk_ghost_icy, serial_rivers,
          chequers_serial_rivers_room_b, chequers_serial_rivers_small_3,
          chequers_serial_rivers_large_a, chequers_serial_rivers_large_b
D:8:      layout_loops_ring, nicolae_overflow_hidden_temple
D:9:      layout_rooms, elyvilon_altar_3, lemuel_round_altar, orc_0_dummy,
          serial_glass, glass_columns_c, glass_columns_a, due_unseen_surprise,
          minmay_strange_pillars, ebering_ghost_reflecting_pool, uniq_joseph,
          uniq_grum, uniq_maggie
Temple:   nicolae_temple_figure_eight

Skill      XL: |  1  2  3  4  5  6  7  8  9 |
---------------+----------------------------+-----
Fighting       | 4 5 6 8 |  8.3
Dodging        | 1 2 |  2.3
Axes           | 4 8 11 15 | 15.5
Armour         | |  3.6
Stealth        | |  0.1
Shields        | |  3.6

Action                   |  1- 3 |  4- 6 |  7- 9 | 10-12 || total
-------------------------+-------+-------+-------+-------++-------
Melee: War axe           |    73 |   128 |   234 |    40 ||   475
       Headbutt          |    10 |    23 |    55 |    11 ||    99
Throw: Boomerang         |       |       |       |     4 ||     4
Invok: Lunge             |       |     1 |    26 |     3 ||    30
       Whirlwind         |       |       |     4 |       ||     4
Evoke: Wand              |       |       |       |     1 ||     1
  Use: Scroll            |     1 |     8 |     6 |     2 ||    17
       Potion            |       |     7 |     2 |     3 ||    12
Armor: Scale mail        |    35 |    15 |       |       ||    50
       Chain mail        |       |    57 |    23 |       ||    80
       Skin              |       |     2 |       |       ||     2
       Plate armour      |       |       |    37 |     2 ||    39
       Ring mail         |       |       |       |     2 ||     2
Dodge: Dodged            |    28 |    61 |    76 |    22 ||   187
Block: Buckler           |    16 |    37 |    57 |    12 ||   122
